 Dungeon Crawl Stone Soup version 0.27.0-1-g7a089689b8 (webtiles) character file.

Game seed: 8629265733768278467

187 Thatpatchoflichen the Shield-Bearer (level 5, 0/46 HPs)
             Began as a Hill Orc Fighter on Aug 18, 2021.
             Slain by an ice beast (7 damage)
             ... on level 6 of the Dungeon.
             The game lasted 00:11:11 (3918 turns).

Thatpatchoflichen the Shield-Bearer (HOFi)          Turns: 3918, Time: 00:11:12

Health: 0/46       AC:  8    Str: 19    XL:     5   Next: 66%
Magic:  5/5        EV:  7    Int:  8    God:
Gold:   123        SH: 10    Dex: 17    Spells: 4/4 levels left

rFire    . . .     SeeInvis .   z - +4 hand axe
rCold    . . .     Faith    +   v - +0 kite shield
rNeg     . . .     Spirit   .   b - +0 scale mail
rPois    .         Reflect  .   u - +0 helmet
rElec    .         Harm     .   (no cloak)
rCorr    .         Rampage  .   (no gloves)
Will     .....                  (no boots)
Stlth    ..........             s - amulet of faith
HPRegen  0.15/turn              k - +6 ring of dexterity
MPRegen  0.09/turn              (no ring)

@: no status effects
A: no striking features
a: no special abilities


You were on level 6 of the Dungeon.
You visited 1 branch of the dungeon, and saw 6 of its levels.

You collected 123 gold pieces.

Inventory:

Hand Weapons
 a - a +0 war axe
 h - a +1 vampiric whip
 p - a +1 dagger of venom
 r - a +0 hunting sling
 x - a +1 dagger of protection
 y - a +1 hand axe of freezing
 z - a +4 hand axe (weapon)
Missiles
 l - 5 poisoned darts (quivered)
 n - 36 stones
 q - 7 boomerangs
 t - 36 bolts
Armour
 b - a +0 scale mail (worn)
 u - a +0 helmet (worn)
 v - a +0 kite shield (worn)
Jewellery
 k - a +6 ring of dexterity (left hand)
 s - an amulet of faith (around neck)
Wands
 w - a wand of paralysis (5)
Scrolls
 c - a scroll of teleportation {unknown}
 f - a scroll of immolation {unknown}
 g - 6 scrolls of identify {unknown}
 m - a scroll of fog {unknown}
 A - a scroll of blinking {unknown}
Potions
 d - a potion of might
 e - 3 potions of haste {unknown}
 i - a potion of mutation {unknown}
 j - a potion of lignification {unknown}
 o - 3 potions of curing {unknown}
 B - a potion of degeneration {unknown}


   Skills:
 + Level 4.2 Fighting
 + Level 3.5 Axes
 + Level 4.4 Armour
 * Level 5.4 Shields


You had 4 spell levels left.
You didn't know any spells.
Your spell library contained the following spells:

 Spells                   Type           Power      Damage    Failure   Level
 Passwall                 Tmut/Erth      0%         N/A       100%        2
 Stone Arrow              Conj/Erth      0%         3d7       100%        3
 Swiftness                Air            0%         N/A       100%        3
 Bolt of Magma            Conj/Fire/Erth 0%         4d4       100%        5
 Invisibility             Hex            0%         N/A       100%        6
 Borgnjor's Revivificati  Necr           0%         N/A       100%        8
 Necromutation            Tmut/Necr      0%         N/A       100%        8
 Death's Door             Necr           0%         N/A       100%        9
 Shatter                  Erth           0%         3d5*      100%        9


Dungeon Overview and Level Annotations

Branches:
Dungeon (6/15)
 Temple: D:4-7

Altars:

Annotations:
D:5 Menkaure


Message History

The ice beast is heavily wounded.
The ice beast hits you but does no damage.
You hit the ice beast.
The ice beast is heavily wounded.
The ice beast barely misses you. You block the ice beast's attack.
You hit the ice beast.
The ice beast is heavily wounded.
The ice beast barely misses you.
You barely miss the ice beast.
The ice beast is heavily wounded.
You block the ice beast's attack.
You hit the ice beast.
The ice beast is heavily wounded.
The ice beast hits you but does no damage. x2
You hit the ice beast.
The ice beast is heavily wounded.
You block the ice beast's attack.
You closely miss the ice beast.
The ice beast is heavily wounded.
You block the ice beast's attack.
You hit the ice beast but do no damage.
The ice beast is heavily wounded.
You block the ice beast's attack. x2
You closely miss the ice beast.
The ice beast is heavily wounded.
The ice beast hits you but does no damage.
You barely miss the ice beast.
The ice beast is heavily wounded.
The ice beast hits you but does no damage.
You closely miss the ice beast.
The ice beast is heavily wounded.
The ice beast barely misses you. The ice beast hits you.
The ice beast freezes you!
* * * LOW HITPOINT WARNING * * *
You hit the ice beast.
The ice beast is severely wounded.
The ice beast hits you.
* * * LOW HITPOINT WARNING * * *
The ice beast freezes you!
You die...

### ##...
....#
#..####
#Y@..#
#.##......
#. ####.
#. #. #.
.. ..


You could see an ice beast.

Vanquished Creatures
  A hound (D:4)
  Robin (D:3)
  A howler monkey skeleton (D:5)
  3 adders
  A worm (D:3)
  3 dart slugs
  7 orcs
  3 endoplasms
  3 giant cockroaches
  13 goblins
  8 hobgoblins
  6 jackals
  4 quokkas
  7 ball pythons
  5 bats
  9 frilled lizards
  7 kobolds
  9 rats
91 creatures vanquished.

Notes
Turn   | Place    | Note
-------+----------+-------------------------------------------
     0 | D:1      | Thatpatchoflichen the Hill Orc Fighter began the quest for
                  | the Orb.
     0 | D:1      | Reached XP level 1. HP: 19/19 MP: 1/1
   215 | D:1      | Reached XP level 2. HP: 14/27 MP: 2/2
   843 | D:1      | Reached XP level 3. HP: 31/33 MP: 3/3
  1187 | D:2      | Reached skill level 4 in Shields
  2200 | D:3      | Reached XP level 4. HP: 38/40 MP: 4/4
  2309 | D:3      | Noticed Robin
  2385 | D:3      | Killed Robin
  2549 | D:3      | Found a faded altar of an unknown god.
  3269 | D:3      | Reached skill level 5 in Shields
  3422 | D:4      | Reached XP level 5. HP: 46/46 MP: 5/5
  3605 | D:4      | Noticed an ogre
  3818 | D:5      | Entered Level 5 of the Dungeon
  3845 | D:5      | Noticed an ice beast
  3886 | D:5      | Noticed Menkaure
  3918 | D:6      | Slain by an ice beast

Illustrated notes

Levels and vault maps discovered:
D:1:      dpeg_arrival_circle_labyrinth_a, layout_loops_ring, st_stairs_14,
          minmay_lizard_pond
D:2:      layout_basic, minmay_misc_feat_more_columns
D:3:      layout_basic, basic_ecumenical_altar, hangedman_feature_mirror,
          grunt_decor_clamped, chequers_mini_garden, uniq_robin
D:4:      layout_rooms, hangedman_decor_push
D:5:      layout_cave_pools, lightli_ossuary_entry_decrepit_ruins,
          minmay_misc_feat_encased, uniq_menkaure
D:6:      layout_rooms, portal_sewer_entry_e, uniq_pikel

Skill      XL: |  1  2  3  4  5 |
---------------+----------------+-----
Armour         | 4 |  4.4
Shields        | 4 5 |  5.4
Axes           | 3 |  3.5
Fighting       | 4 |  4.2

Action                   |  1- 3 |  4- 6 || total
-------------------------+-------+-------++-------
Melee: War axe           |   135 |    83 ||   218
       Hand axe          |       |    36 ||    36
Armor: Scale mail        |    82 |    91 ||   173
Dodge: Dodged            |    56 |    49 ||   105
Block: Kite shield       |   113 |   103 ||   216
